Map: Dreamcatcher LE

Players

Impalpable

  • Race: Terran Terran
  • League: Gold
  • Spawn Location: 5:00

Michael - Winner!

  • Race: Zerg Zerg
  • League: Gold
  • Spawn Location: 11:00

VOD

Have the link to the VOD?

Description

Time

  • Played on: Oct. 7, 2018, 9:03 a.m.
  • Length: 19:05
Show
View Real Time Build Order
Export as new Build Order

Impalpable Terran 

Build Orders:  

Get SALT Encoding   

  12  0:01  SCV  
  13  0:14  SCV  
  14  0:21  Supply Depot  
  14  0:26  SCV  
  15  0:43  Refinery, SCV  
  15  0:45  Refinery  
  16  0:55  SCV  
  17  1:04  Barracks  
  17  1:07  SCV  
  18  1:19  SCV  
  19  1:29  Barracks  
  19  1:31  SCV  
  20  1:43  SCV  
  21  1:50  Supply Depot  
  21  1:54  Marine  
  21  1:55  SCV  
  23  2:11  SCV  
  24  2:20  Barracks  
  24  2:21  Marine  
  24  2:22  Marine  
  26  2:23  SCV  
  27  2:39  Marine  
  27  2:40  Marine  
  28  2:57  Orbital Command, Factory, Marine  
  28  2:58  Marine  
  30  3:20  Command Center  
  30  3:40  Factory Tech Lab  
  30  3:43  SCV  
  31  3:53  Refinery  
  31  3:54  Refinery, Supply Depot  
  31  4:08  Supply Depot  
  31  4:16  Siege Tank, SCV  
  35  4:28  SCV  
  36  4:32  Engineering Bay  
  36  4:37  Orbital Command  
  36  4:40  SCV  
  37  4:52  SCV  
  38  4:57  Siege Tank  
  41  5:04  Missile Turret, SCV  
  41  5:05  Missile Turret  
  42  5:16  SCV  
  42  5:19  Starport  
  43  5:27  Starport  
  43  5:29  Siege Tank  
  46  5:53  Factory  
  46  5:56  SCV  
  47  5:59  Armory  
  50  6:07  Starport Tech Lab  
  50  6:08  SCV  
  48  6:14  Fusion Core, SCV  
  49  6:20  SCV  
  50  6:26  SCV  
  51  6:35  Missile Turret  
  51  6:38  SCV  
  51  6:39  Missile Turret  
  52  6:47  Armory, Liberator  
  52  6:50  Missile Turret, SCV  
  52  6:53  Missile Turret  
  53  6:55  Missile Turret  
  53  7:02  Advanced Ballistics  
  53  7:03  SCV  
  57  7:15  SCV  
  58  7:26  Factory Tech Lab  
  58  7:27  SCV  
  58  7:28  Thor  
  65  7:30  Liberator  
  65  7:34  Terran Vehicle And Ship Armor Level 1  
  65  7:37  Terran Vehicle Weapons Level 1  
  65  7:39  SCV  
  69  8:07  Thor  
  69  8:11  Supply Depot x2  
  75  8:36  Smart Servos  
  75  8:39  Thor  
  81  8:49  Thor  
  84  9:52  Thor x2  
  84  9:56  Marine x2  
  99  10:02  Barracks Tech Lab  
  95  10:12  Terran Vehicle And Ship Armor Level 2  
  95  10:14  Marine x2  
  95  10:15  Terran Vehicle Weapons Level 2  
  97  10:29  Supply Depot  
  97  10:32  Marine  
  97  10:35  Factory  
  99  10:36  Marine  
  100  10:46  Thor x2  
  111  10:54  Marine  
  113  11:02  Barracks Reactor  
  113  11:03  Combat Shield  
  112  11:12  Marine, Viking  
  113  11:42  Viking  
  70  12:01  Factory Tech Lab  
  70  12:05  Siege Tank x2  
  76  12:12  Viking  
  78  12:22  Concussive Shells  
  78  12:25  Liberator  
  78  12:29  Thor  
  84  12:37  Siege Tank x2  
  93  12:51  Command Center  
  93  13:06  Stimpack  
  93  13:08  Liberator  
  93  13:09  Siege Tank, Thor  
  93  13:12  Thor  
  104  13:41  Thor  
  110  13:51  Liberator  
  105  14:34  Liberator  
  102  15:06  Thor x3  
  120  15:49  Thor x2  
  101  17:20  Thor  
  101  18:03  Thor  
Show
View Real Time Build Order
Export as new Build Order

Michael Zerg - Winner!

Build Orders: Pool First, Lurkers, Swarm Host 

Get SALT Encoding   

  12  0:01  Drone  
  13  0:12  Overlord  
  13  0:17  Drone  
  14  0:30  Drone x2  
  14  0:34  Drone  
  17  0:38  Extractor  
  16  0:45  Drone  
  17  0:51  Spawning Pool  
  17  0:55  Drone  
  17  1:06  Drone  
  18  1:22  Hatchery  
  18  1:25  Drone  
  18  1:39  Queen  
  20  1:45  Metabolic Boost  
  20  1:47  Zergling x2  
  20  1:51  Zergling x2  
  22  1:58  Overlord  
  22  2:06  Overlord  
  22  2:18  Drone  
  23  2:24  Queen  
  23  2:27  Drone  
  26  2:34  Drone x2  
  28  2:43  Drone  
  29  2:51  Drone  
  30  2:58  Queen  
  32  3:10  Drone x2, Roach Warren  
  32  3:11  Baneling Nest, Drone  
  33  3:14  Extractor  
  33  3:18  Drone  
  33  3:20  Drone  
  33  3:23  Drone  
  35  3:29  Drone x2  
  37  3:37  Lair  
  37  3:45  Drone x3  
  40  3:52  Queen  
  40  3:55  Overlord  
  42  4:00  Overlord  
  42  4:10  Drone x2  
  42  4:13  Drone  
  42  4:14  Drone x4  
  42  4:16  Drone  
  50  4:23  Spine Crawler  
  49  4:25  Spore Crawler  
  49  4:26  Drone  
  49  4:33  Spine Crawler  
  48  4:47  Glial Reconstitution  
  48  4:52  Hydralisk Den  
  47  4:53  Spore Crawler  
  47  4:55  Spine Crawler, Drone x2  
  47  4:57  Drone x2  
  49  5:02  Spore Crawler, Spine Crawler  
  49  5:05  Burrow  
  49  5:06  Pneumatized Carapace  
  47  5:17  Hatchery  
  45  5:31  Drone x5  
  45  5:34  Extractor  
  49  5:35  Extractor  
  48  5:44  Drone x3  
  48  5:48  Queen  
  53  5:51  Drone x2  
  53  5:52  Drone  
  56  6:00  Spine Crawler  
  56  6:02  Spore Crawler  
  54  6:06  Overlord x3  
  54  6:07  Overlord  
  54  6:11  Muscular Augments  
  54  6:16  Queen  
  56  6:19  Evolution Chamber  
  56  6:22  Spire, Drone  
  56  6:23  Drone  
  56  6:25  Drone x2  
  57  6:27  Drone  
  57  6:29  Drone  
  60  6:44  Hydralisk  
  60  6:45  Hydralisk x3  
  60  6:46  Hydralisk  
  70  6:57  Overseer  
  70  7:00  Lurker Den, Zerg Ground Armor Level 1  
  69  7:05  Evolution Chamber  
  68  7:09  Drone  
  68  7:10  Infestation Pit  
  68  7:14  Drone x6  
  68  7:15  Drone  
  75  7:19  Extractor  
  75  7:20  Extractor  
  73  7:27  Spore Crawler  
  73  7:28  Spine Crawler, Drone  
  73  7:29  Drone  
  73  7:30  Spore Crawler, Drone  
  73  7:42  Hatchery  
  72  7:53  Zergling x2  
  73  8:05  Overlord x2  
  73  8:06  Overlord  
  73  8:10  Hive  
  73  8:13  Zerg Missile Weapons Level 1  
  73  8:20  Zerg Flyer Armor Level 1  
  73  8:21  Hydralisk x5  
  73  8:24  Zergling x4  
  73  8:26  Zergling x2  
  87  8:34  Drone x3  
  87  8:41  Hydralisk x4  
  97  8:53  Hydralisk x4  
  97  8:54  Zerg Melee Weapons Level 1  
  105  8:57  Hydralisk x2  
  105  9:00  Drone  
  103  9:27  Queen  
  103  9:28  Drone  
  103  9:29  Drone x14  
  103  9:31  Overlord x3  
  117  9:46  Hatchery  
  117  9:47  Queen  
  106  10:05  Hydralisk  
  106  10:06  Hydralisk x8  
  124  10:07  Hydralisk  
  126  10:14  Extractor  
  126  10:16  Greater Spire, Extractor  
  126  10:18  Corruptor x2  
  128  10:25  Drone x3  
  128  10:26  Drone x2  
  128  10:27  Drone  
  134  10:32  Hydralisk x3  
  134  10:33  Hydralisk  
  142  10:41  Hydralisk  
  144  10:42  Overlord  
  144  10:43  Overlord x2  
  144  10:44  Overlord  
  144  10:51  Zerg Melee Weapons Level 2  
  144  10:58  Drone x3  
  144  11:00  Drone  
  144  11:01  Drone x2  
  144  11:02  Overlord x3  
  150  11:05  Overseer x3  
  150  11:09  Adaptive Talons  
  150  11:16  Queen  
  150  11:18  Queen  
  154  11:29  Queen  
  154  11:30  Queen  
  127  11:55  Hydralisk x14  
  127  11:56  Hydralisk x2  
  159  12:15  Lurker x2  
  159  12:16  Lurker  
  159  12:17  Lurker  
  159  12:19  Lurker  
  159  12:21  Corruptor  
  165  12:41  Drone  
  165  12:42  Drone x2  
  168  12:46  Spore Crawler  
  168  12:47  Spore Crawler, Spine Crawler  
  168  12:48  Spine Crawler, Hatchery  
  168  12:49  Spore Crawler  
  168  12:50  Spore Crawler, Drone  
  168  12:51  Spine Crawler x2, Drone x4  
  164  13:11  Spore Crawler x2  
  164  13:12  Spine Crawler  
  161  13:19  Brood Lord x3  
  167  13:20  Corruptor x2  
  167  13:21  Corruptor x3  
  167  13:23  Corruptor  
  179  13:28  Queen  
  162  14:03  Corruptor  
  162  14:04  Corruptor x8  
  146  14:49  Swarm Host  
  146  14:50  Swarm Host x6  
  188  14:53  Zergling x4  
  188  14:54  Zergling x12  
  196  15:24  Brood Lord x2  
  198  16:33  Hydralisk x12  
  198  16:39  Zerg Ground Armor Level 2  
  198  16:44  Zerg Flyer Weapons Level 1  
  143  17:17  Swarm Host x8  
  143  17:21  Roach x11  
  143  17:22  Roach x2  
Tags
 
League
GoldGold
Matchup
TvZ
Opening
Pool First
Spawn Locations
Cross Positions
Add a new tag
Caveats
  • Supply blocks, unpowered buildings, or Contaminate may cause inaccurate times.
  • Supply counts are checked every 10 seconds.